 Dungeon Crawl Stone Soup version 0.26-a0-1176-g060ceda6a5 (webtiles) character file.

Game seed: 3414342747521855525

682993 HoaS the Slayer (level 27, 0/195 HPs)
             Began as a Formicid Fighter on Dec 23, 2020.
             Was the Champion of Makhleb.
             Killed from afar by an orb of fire (8 damage)
             ... with a bolt of fire
             ... on level 5 of the Realm of Zot on Dec 24, 2020.
             The game lasted 03:46:09 (67782 turns).

HoaS the Slayer (Formicid Fighter)                 Turns: 67782, Time: 03:46:09

Health: 0/195      AC: 47    Str: 32      XL:     27
Magic:  32/32      EV: 20    Int:  7      God:    Makhleb [******]
Gold:   6795       SH: 33    Dex: 17 (19) Spells: 26/26 levels left

rFire    + + +     SeeInvis +   H - +9 great mace (vorpal)
rCold    . . .     Faith    .   x - +6 tower shield
rNeg     + . .     Spirit   .   c - +8 orange crystal plate armour {Archmagi, Int+3 Clar}
rPois    +         Reflect  .   (helmet unavailable)
rElec    +         Harm     .   E - +0 cloak of the Iron City of Dis {rN+ Slay+2}
rCorr    .         Rampage  .   U - +3 pair of gloves "Uninwism" {rElec rF+ Dex+3}
Will     +++++     Clarity  +   R - +2 pair of boots {Stlth+}
Stlth    ..........             D - necklace of Bloodlust {*Rage +Rage Will++ Int-3 Slay+6 *Curse} (curse)
HPRegen  0.42/turn              O - ring "Aleiheoq" {rPois rF+ Will+ MP+9}
MPRegen  0.23/turn              S - ring of Life {+Fly rPois rF+ Str+4 Dex+3}

@: studying Invocations
A: permanent stasis, dig shafts and tunnels, four strong arms, antennae 3,
camouflage 1, blurry vision 1, clumsy 1, deterioration 1, dopey 1, frail 2,
screaming 1
}: 3/15 runes: decaying, serpentine, silver
a: Dig, Shaft Self, Renounce Religion, Evoke Flight, Minor Destruction, Lesser
Servant of Makhleb, Major Destruction, Greater Servant of Makhleb


You were on level 5 of the Realm of Zot.
You worshipped Makhleb.
Makhleb was exalted by your worship.
You visited 11 branches of the dungeon, and saw 53 of its levels.
You visited the Abyss 1 time.
You also visited: Bailey, Gauntlet and Ice Cave.

You collected 12948 gold pieces.
You spent 6153 gold pieces at shops.

Inventory:

Hand Weapons
 H - a +9 vorpal great mace (weapon)
Armour
 c - the +8 orange crystal plate armour (worn) {Archmagi, Int+3 Clar}
   (You acquired it on level 1 of the Crypt)

   It affects your intelligence (+3).
   It protects you against confusion.
 x - a +6 tower shield (worn)
 E - the +0 cloak of the Iron City of Dis (worn) {rN+ Slay+2}
   (You took it off a draconian monk on level 4 of the Realm of Zot)

   It affects your accuracy and damage with ranged weapons and melee attacks
   (+2).
   It protects you from negative energy.
 R - a +2 pair of boots of stealth (worn)
 U - the +3 pair of gloves "Uninwism" (worn) {rElec rF+ Dex+3}
   (You found it on level 5 of the Vaults)

   It affects your dexterity (+3).
   It protects you from fire.
   It insulates you from electricity.
Jewellery
 a - an uncursed ring of willpower
 j - the ring "Eddis" {rPois Str+4 Int+4 Dex+6}
   (You took it off a deep elf blademaster on level 3 of the Elven Halls)

   [ring of dexterity]

   It affects your strength (+4).
   It affects your intelligence (+4).
   It affects your dexterity (+6).
   It protects you from poison.
 n - an uncursed ring of protection from cold
 s - a +6 ring of strength {unknown}
 t - an uncursed ring of protection from fire
 z - a +4 ring of protection
 A - a +6 ring of dexterity
 D - the cursed necklace of Bloodlust (around neck) {*Rage +Rage Will++ Int-3 Slay+6 *Curse}
   (You took it off an ironheart preserver on level 4 of the Vaults)

   [amulet of nothing]

   It affects your intelligence (-3).
   It affects your accuracy and damage with ranged weapons and melee attacks
   (+6).
   It affects your willpower, your defense against some magical effects.
   It lets you go berserk.
   It may make you go berserk in combat.
   It curses itself when equipped.
   It has a curse placed upon it.
 G - an uncursed ring of resist corrosion
 L - a +4 ring of evasion
 M - the ring "Ejiggiqe" {rC+ Str+3 SInv}
   (You found it on level 15 of the Dungeon)

   [ring of see invisible]

   It affects your strength (+3).
   It protects you from cold.
   It lets you see invisible.
 N - a +4 ring of evasion
 O - the ring "Aleiheoq" (left hand) {rPois rF+ Will+ MP+9}
   (You found it on level 15 of the Dungeon)

   [ring of magical power]

   It protects you from fire.
   It protects you from poison.
   It affects your willpower, your defense against some magical effects.
   It affects your magic capacity (+9).
 Q - an uncursed ring of positive energy
 S - the ring of Life (right hand) {+Fly rPois rF+ Str+4 Dex+3}
   (You found it on level 5 of the Vaults)

   [ring of flight]

   It affects your strength (+4).
   It affects your dexterity (+3).
   It protects you from fire.
   It protects you from poison.
   It lets you fly.
Wands
 p - a wand of acid (49) (quivered)
 w - a wand of digging (16)
Scrolls
 e - 35 scrolls of identify
 f - 34 scrolls of remove curse
 h - 5 scrolls of holy word
 k - 8 scrolls of fog
 o - a scroll of summoning
 u - 15 scrolls of fear
 y - 10 scrolls of magic mapping
 I - 5 scrolls of brand weapon
 J - 8 scrolls of enchant weapon
Potions
 b - 9 potions of cancellation
 d - 22 potions of curing
 g - 5 potions of might
 i - 14 potions of lignification
 l - 6 potions of ambrosia
 q - 12 potions of heal wounds
 r - 6 potions of resistance
 v - 12 potions of attraction
 B - 14 potions of flight
 C - 6 potions of invisibility
 F - 9 potions of mutation
Books
 m - a manual of Invocations


   Skills:
 + Level 25.7 Fighting
 + Level 24.9 Maces & Flails
 + Level 22.8 Armour
 + Level 21.2 Dodging
 + Level 23.8 Shields


You had 26 spell levels left.
You didn't know any spells.
Your spell library contained the following spells:

 Spells                   Type           Power        Failure   Level
 Animate Skeleton         Necr           0%           97%         1
 Apportation              Tloc           0%           97%         1
 Corona                   Hex            0%           97%         1
 Foxfire                  Conj/Fire      0%           97%         1
 Freeze                   Ice            0%           97%         1
 Magic Dart               Conj           0%           97%         1
 Pain                     Necr           0%           97%         1
 Sandblast                Erth           0%           97%         1
 Shock                    Conj/Air       0%           97%         1
 Summon Small Mammal      Summ           0%           97%         1
 Call Imp                 Summ           0%           99%         2
 Corpse Rot               Necr/Air       N/A          99%         2
 Ensorcelled Hibernation  Hex/Ice        0%           99%         2
 Passwall                 Tmut/Erth      0%           99%         2
 Poisonous Vapours        Pois/Air       0%           99%         2
 Searing Ray              Conj           0%           99%         2
 Slow                     Hex            0%           99%         2
 Sublimation of Blood     Necr           0%           99%         2
 Call Canine Familiar     Summ           0%           100%        3
 Confusing Touch          Hex            0%           100%        3
 Conjure Flame            Conj/Fire      0%           100%        3
 Dazzling Flash           Conj/Hex       0%           100%        3
 Frozen Ramparts          Ice            0%           100%        3
 Gell's Gravitas          Tloc           0%           100%        3
 Ignite Poison            Fire/Tmut/Pois 0%           100%        3
 Inner Flame              Hex/Fire       0%           100%        3
 Lesser Beckoning         Tloc           0%           100%        3
 Mephitic Cloud           Conj/Pois/Air  0%           100%        3
 Ozocubu's Armour         Ice            0%           100%        3
 Portal Projectile        Hex/Tloc       0%           100%        3
 Static Discharge         Conj/Air       0%           100%        3
 Stone Arrow              Conj/Erth      0%           100%        3
 Summon Guardian Golem    Hex/Summ       0%           100%        3
 Teleport Other           Tloc           0%           100%        3
 Tukima's Dance           Hex            0%           100%        3
 Vampiric Draining        Necr           0%           100%        3
 Airstrike                Air            0%           100%        4
 Animate Dead             Necr           0%           100%        4
 Cause Fear               Hex            0%           100%        4
 Dispel Undead            Necr           0%           100%        4
 Fulminant Prism          Conj/Hex       0%           100%        4
 Hailstorm                Conj/Ice       0%           100%        4
 Ice Form                 Ice/Tmut       0%           100%        4
 Iskenderun's Mystic Bla  Conj/Tloc      0%           100%        4
 Leda's Liquefaction      Hex/Erth       0%           100%        4
 Passage of Golubria      Tloc           N/A          100%        4
 Petrify                  Tmut/Erth      0%           100%        4
 Sticky Flame             Conj/Fire      0%           100%        4
 Summon Ice Beast         Ice/Summ       0%           100%        4
 Summon Lightning Spire   Summ/Air       0%           100%        4
 Agony                    Necr           0%           100%        5
 Blade Hands              Tmut           0%           100%        5
 Bolt of Magma            Conj/Fire/Erth 0%           100%        5
 Borgnjor's Vile Clutch   Necr/Erth      0%           100%        5
 Excruciating Wounds      Necr           0%           100%        5
 Fireball                 Conj/Fire      0%           100%        5
 Iskenderun's Battlesphe  Conj           0%           100%        5
 Lee's Rapid Deconstruct  Erth           0%           100%        5
 Lightning Bolt           Conj/Air       0%           100%        5
 Metabolic Englaciation   Hex/Ice        0%           100%        5
 Silence                  Hex/Air        0%           100%        5
 Summon Demon             Summ           0%           100%        5
 Yara's Violent Unravell  Hex/Tmut       0%           100%        5
 Conjure Ball Lightning   Conj/Air       0%           100%        6
 Death Channel            Necr           0%           100%        6
 Freezing Cloud           Conj/Ice/Air   0%           100%        6
 Invisibility             Hex            0%           100%        6
 Iron Shot                Conj/Erth      0%           100%        6
 Ozocubu's Refrigeration  Ice            0%           100%        6
 Simulacrum               Ice/Necr       0%           100%        6
 Starburst                Conj/Fire      0%           100%        6
 Statue Form              Tmut/Erth      0%           100%        6
 Dragon Form              Tmut           0%           100%        7
 Haunt                    Necr/Summ      0%           100%        7
 Orb of Destruction       Conj           0%           100%        7
 Spellforged Servitor     Conj/Summ      0%           100%        7
 Summon Hydra             Summ           0%           100%        7
 Borgnjor's Revivificati  Necr           0%           100%        8
 Ignition                 Fire           0%           100%        8
 Infestation              Necr           0%           100%        8
 Necromutation            Tmut/Necr      0%           100%        8
 Death's Door             Necr           0%           100%        9
 Dragon's Call            Summ           0%           100%        9
 Shatter                  Erth           0%           100%        9
 Blink                    Tloc           Unusable     N/A         2
 Swiftness                Air            Unusable     N/A         2

Dungeon Overview and Level Annotations

Branches:
Dungeon (15/15)            Temple (1/1) D:6            Lair (6/6) D:9
  Swamp (4/4) Lair:4        Snake (4/4) Lair:2        Slime (0/5) Lair:5
    Orc (2/2) D:12            Elf (3/3) Orc:2        Vaults (5/5) D:14
  Crypt (3/3) Vaults:3       Tomb (0/3) Crypt:3      Depths (5/5) D:15
    Zot (5/5) Depths:5     Bailey (visited)           IceCv (visited)
Gauntlet (visited)

Altars:
Ashenzari
Cheibriados
Dithmenos
Elyvilon
Fedhas
Gozag
Hepliaklqana
Kikubaaqudgha
Makhleb
Nemelex Xobeh
Okawaru
Qazlal
Ru
Sif Muna
Trog
Uskayaw
Vehumet
Wu Jian
Xom
Yredelemnul
Zin
The Shining One
Beogh
Lugonu

Shops:
D:6 (   D:15 (=*   Orc:2 *=([   Elf:3 [   Snake:1 :[?   Snake:2 (   Snake:4 *
Vaults:1 *   Zot:4 *   Depths:4 ?=[

Portals:
Hell: Depths:1 Depths:2 Depths:3 Depths:4 Depths:5
Abyss: Depths:4
Pandemonium: Depths:3 Depths:4
Ziggurat: Depths:1
Trove: Elf:3 (give +3 shadow dragon scales)


Innate Abilities, Weirdness & Mutations

You cannot be hasted, slowed, berserked, paralysed or teleported.
You can dig through walls and to a lower floor.
Your four strong arms can wield two-handed weapons with a shield.
You have a pair of large antennae on your head. (SInv)
Your skin changes colour to match your surroundings (Stealth+).
Scrolls take you a little longer to read.
You are clumsy. (Dex -2)
Your body sometimes deteriorates upon taking damage.
You are dopey. (Int -2)
You are very frail. (-20% HP)
You occasionally shout uncontrollably at your foes.


Message History

The black draconian convulses!
The Orb Guardian convulses!
The black draconian hits you but does no damage.
You bludgeon the orb of fire!!
The orb of fire is almost destroyed.
The orb of fire glows deep purple.
The bolt of fire hits you! You resist.
* * * LOW HITPOINT WARNING * * *
You block the quicksilver dragon's attack.
The quicksilver dragon completely misses you.
You block the Orb Guardian's attack.
You block the wandering mushroom's attack.
You block the deathcap's attack.
A Killer Klown comes into view. It is wielding a +11 club of freezing.
The quicksilver dragon bites you but does no damage.
You block the quicksilver dragon's attack.
The black draconian hits you from afar with a +0 halberd.
* * * LOW HITPOINT WARNING * * *
The orb of fire glows deep purple.
The bolt of fire hits you! You resist.
You die...

..##...##...##'###..⌠.##.#
..#.....#...#....#....#..#
<.'.....#...'....#......##
▓▓▓▓################▓▓▓▓▓
##..^...........##
##.....:..........##
##................[^##
#...[........dX.f....#
#..^.........zq@f....#
#.............z*D....#
#.^...........dd.....#
#................^...#
##..............X.....#
###..................##
.)##..........^.....##
..)..........p.^..^##
▓▓▓▓▓▓▓▓▓▓▓#*^,,,8**


You could see an orb of fire, a Killer Klown, 3 draconians, a curse toe, a death
cob, a quicksilver dragon (catching breath), 2 Orb Guardians, a red draconian
scorcher, a deathcap (summoned) and a wandering mushroom (summoned).

Vanquished Creatures
  3 orbs of fire (Zot:5)
  3 ancient liches
  Mara (Crypt:1)
  Mennas (Crypt:1)
  A royal mummy (Crypt:3)
  Sojobo (Vaults:4)
  the Lernaean hydra (Swamp:4)
  3 Killer Klowns
  Bai Suzhen (Vaults:4)
  The ghost of Abeir the Shatterer, a legendary GrFi of Okawaru (Zot:4)
  5 caustic shrikes (Depths:5)
  8 golden dragons
  2 curse toes
  Jory (Depths:3)
  A bone dragon (Vaults:3)
  9 liches
  2 electric golems
  10 Orb Guardians (Zot:5)
  An Ice Fiend (IceCv)
  3 deep elf blademasters
  5 titans
  19 tentacled monstrosities
  5 quicksilver dragons
  A deep elf master archer (Elf:3)
  Gastronok (Orc:1)
  6 sphinxes
  An Executioner (Abyss:2)
  3 ancient champions
  A tentacled starspawn (Abyss:2)
  8 death cobs
  7 tengu reavers
  10 draconian monks
  The ghost of Dracia the Peltast, an adept MiFi of Okawaru (Swamp:4)
  Kirke (D:12)
  8 shadow dragons
  9 nagarajas
  17 storm dragons
  15 fire giants
  A revenant (Crypt:2)
  18 frost giants
  2 fenstrider witches
  4 orc warlords
  15 deep elf sorcerers
  8 draconian scorchers
  7 draconian knights
  3 deep elf elementalists
  A curse skull (Crypt:1)
  4 draconian shifters
  19 vault wardens
  15 draconian stormcallers
  16 ironheart preservers
  16 stone giants
  2 war gargoyles
  11 ghouls
  A juggernaut skeleton (Crypt:3)
  12 draconian annihilators
  8 deep elf demonologists
  5 vampire knights
  15 very ugly things
  15 purple draconians
  13 black draconians
  9 red draconians
  9 deep elf annihilators
  2 entropy weavers
  7 yellow draconians
  9 bunyips
  9 spark wasps
  4 green draconians
  17 ettins
  2 eleionomae
  7 white draconians
  5 eidola
  7 deep elf death magi
  8 great orbs of eyes
  19 ogre magi
  A quicksilver dragon zombie (Crypt:1)
  3 mummy priests (Crypt:3)
  4 jiangshi
  The ghost of stazo the Severer, a journeyman HOFi of Okawaru (Lair:1)
  10 yaktaur captains
  13 fire dragons
  A shambling mangrove (Swamp:3)
  11 deep elf high priests
  35 vault guards
  5 boulder beetles
  A hydra (shapeshifter) (Depths:5)
  7 rakshasas
  26 hydras
  3 ghost crabs (Swamp:4)
  9 ice dragons
  15 naga warriors
  Erica (D:10)
  A spriggan air mage (Crypt:1)
  14 centaur warriors
  14 anacondas
  11 alligators
  8 death knights
  The ghost of night the Grappler, a novice TrFi of Zin (D:9)
  39 two-headed ogres
  7 deep troll shamans
  Urug (Lair:5)
  13 deep troll earth magi
  6 vampire magi
  6 tengu warriors
  A titan zombie (Crypt:3)
  31 dancing weapons
  3 orc high priests (Orc:2)
  9 shock serpents
  2 thrashing horrors (Abyss:2)
  13 naga sharpshooters
  4 spriggan berserkers
  Sonja (D:12)
  40 deep elf knights
  A storm dragon zombie (Crypt:3)
  10 soul eaters
  3 shadow wraiths
  2 wretched stars (Abyss:2)
  7 salamander mystics
  A bunyip zombie (Crypt:3)
  A fire crab (shapeshifter) (Depths:3)
  8 large abominations
  9 sea snakes
  An iron troll (Depths:1)
  24 skeletal warriors
  2 goliath frogs (Swamp:2)
  An iron giant zombie (Crypt:1)
  4 spriggan druids
  A death drake (Abyss:2)
  3 glowing orange brains
  4 flayed ghosts
  2 unseen horrors (D:15)
  7 wizards
  21 deep trolls
  6 naga ritualists
  18 ironbrand convokers
  17 bog bodies
  2 wolf spider zombies
  A fire giant zombie (Crypt:3)
  An iron giant skeleton (Crypt:1)
  11 phantasmal warriors
  13 swamp dragons
  A sphinx zombie (Crypt:3)
  31 deep elf archers
  13 orc knights
  A goliath frog zombie (Crypt:2)
  A frost giant zombie (Vaults:4)
  A faun (shapeshifter) (Vaults:5)
  2 wolf spiders
  13 mana vipers
  13 necromancers
  9 orc sorcerers
  5 lindwurms
  43 ugly things
  A manticore (shapeshifter) (Depths:3)
  18 salamanders
  84 deep elf magi
  4 oklob plants
  4 manticores
  4 will-o-the-wisps
  A human zombie (Vaults:4)
  A worldbinder (Abyss:2)
  5 cyclopes
  A fire giant skeleton (Vaults:4)
  20 naga magi
  Joseph (D:8)
  An eleionoma skeleton (Crypt:2)
  21 moths of wrath
  9 elephants
  A smoke demon (Abyss:2)
  39 black mambas
  Maurice (D:13)
  A torpor snail (Lair:4)
  2 rust devils
  10 guardian serpents
  14 vault sentinels
  A torpor snail (shapeshifter) (Vaults:1)
  An eye of devastation (shapeshifter) (Vaults:5)
  A dire elephant zombie (Crypt:1)
  2 ice statues
  3 molten gargoyles (Lair:6)
  4 gargoyles
  Maggie (D:7)
  18 cane toads
  46 yaktaurs
  An elephant slug zombie (Crypt:1)
  5 rime drakes
  A dire elephant skeleton (Crypt:1)
  10 komodo dragons
  2 kobold demonologists
  3 centaur skeletons
  A yaktaur zombie (Vaults:4)
  4 ice devils (IceCv)
  5 hellwings (Depths:5)
  6 anaconda simulacra (IceCv)
  An ancient zyme (Abyss:2)
  14 freezing wraiths
  A redback zombie (Crypt:2)
  A purple draconian skeleton (Crypt:2)
  A red devil (Depths:5)
  A harpy zombie (D:13)
  34 guardian mummies
  A jumping spider (shapeshifter) (Vaults:4)
  A meliai (D:12)
  4 tengu conjurers
  A queen bee (Lair:2)
  12 trolls
  4 polar bears
  A silent spectre (Crypt:1)
  6 tyrant leeches
  Prince Ribbit (D:5)
  A polar bear (shapeshifter) (Depths:3)
  An alligator zombie (Crypt:3)
  11 hornets
  17 blink frogs
  A harpy skeleton (Crypt:3)
  A raiju (shapeshifter) (Vaults:3)
  23 slime creatures
  2 hornets (shapeshifter)
  7 dream sheep (Lair:4)
  2 slime creatures (shapeshifter)
  A fire dragon zombie (Crypt:2)
  A frost giant simulacrum (Crypt:3)
  An ice dragon zombie (Crypt:2)
  A fire giant simulacrum (Vaults:2)
  16 flying skulls
  A human simulacrum (Vaults:4)
  4 air elementals
  8 water elementals
  10 spriggans
  6 redbacks
  A shadow (D:14)
  11 wyverns
  2 tarantellas (Vaults:3)
  10 wraiths
  2 fire dragon skeletons
  A spriggan (shapeshifter) (Vaults:4)
  6 hogs (D:12)
  A dire elephant simulacrum (IceCv)
  A yak (shapeshifter) (Vaults:4)
  2 basilisks (shapeshifter)
  A tarantella (shapeshifter) (Vaults:4)
  A wyvern (shapeshifter) (Elf:1)
  9 ushabtiu (Crypt:3)
  A human (shapeshifter) (Depths:1)
  The ghost of harkrass the Covered, an amateur MiFi of Okawaru (D:4)
  4 fire bats (Abyss:2)
  5 fire elementals
  A human (D:12)
  3 steam dragons
  An emperor scorpion simulacrum (Crypt:1)
  9 basilisks
  42 yaks
  A golden eye (shapeshifter) (Vaults:1)
  A death yak simulacrum (IceCv)
  A neqoxec (Abyss:2)
  A yaktaur simulacrum (Vaults:2)
  8 vampire mosquitoes
  A warg (shapeshifter) (Vaults:5)
  3 harpy simulacra (IceCv)
  A soldier ant (D:14)
  22 swamp worms
  13 wargs
  14 water moccasins
  An iron troll simulacrum (IceCv)
  5 acid dragons
  32 nagas
  3 floating eyes
  2 floating eyes (shapeshifter)
  8 hell hounds
  3 hydra simulacra (IceCv)
  A faun skeleton (Crypt:2)
  62 orc warriors
  7 swamp drakes
  A hornet zombie (D:15)
  A cane toad skeleton (Crypt:2)
  2 alligator simulacra (IceCv)
  An eye of draining (D:14)
  5 sky beasts
  5 black bears
  An ice beast (D:15)
  5 necrophages
  An ettin simulacrum (IceCv)
  14 wolves
  5 boggarts
  2 phantoms
  A swamp dragon zombie (Crypt:3)
  37 ogres
  13 centaurs
  2 big kobolds
  A komodo dragon zombie (Crypt:3)
  A gnoll sergeant (D:12)
  21 bullfrogs
  4 earth elementals
  A water moccasin zombie (D:5)
  2 wyvern skeletons
  4 small abominations
  A warg zombie (Crypt:1)
  5 scorpions
  A killer bee (shapeshifter) (Vaults:4)
  A yak zombie (Crypt:1)
  A swamp dragon simulacrum (IceCv)
  3 wights
  30 killer bees
  A spriggan skeleton (Crypt:1)
  2 electric eels
  A howler monkey (D:5)
  4 crimson imps
  4 draconian simulacra (IceCv)
  A basilisk zombie (Crypt:1)
  3 quasits
  10 centaur zombies
  5 lava snakes (Lair:6)
  A wyvern simulacrum (D:12)
  A soldier ant zombie (Crypt:1)
  4 hounds
  An iron imp (Depths:4)
  4 jellies
  Crazy Yiuf (D:7)
  31 orc wizards
  16 orc priests
  2 iguanas
  6 worker ants
  A human skeleton (Crypt:3)
  3 troll simulacra (IceCv)
  A spriggan simulacrum (IceCv)
  A deep dwarf zombie (Crypt:2)
  A demigod zombie (Crypt:3)
  An ogre zombie (Crypt:2)
  2 centaur simulacra (IceCv)
  A big kobold skeleton (Crypt:2)
  2 naga skeletons (Crypt:3)
  2 hound zombies
  A hound skeleton (D:8)
  4 mummies (Crypt:3)
  2 worker ant zombies (D:10)
  Robin (D:4)
  6 gnolls
  A howler monkey skeleton (D:5)
  A river rat (Lair:2)
  8 adders
  4 naga simulacra (IceCv)
  An ogre simulacrum (IceCv)
  4 white imps
  7 ufetubi
  3 oozes
  2 adder skeletons
  A halfling skeleton (Crypt:3)
  3 worms
  3 dart slugs
  5 leopard geckos
  100 orcs
  10 giant cockroaches
  29 goblins
  11 hobgoblins
  5 jackals
  10 quokkas
  A ball python (D:4)
  A ball python skeleton (D:4)
  6 bats
  4 frilled lizards
  2 jackal skeletons
  2 jackal zombies
  37 kobolds
  A leopard gecko zombie (D:7)
  2 quokka skeletons (D:8)
  2 quokka zombies
  5 rats
  A rat skeleton (Crypt:2)
  7 crawling corpses
  2 starspawn tentacles (Abyss:2)
2628 creatures vanquished.

Vanquished Creatures (collateral kills)
  3 elephants (Lair:6)
  A wyvern (Lair:6)
4 creatures vanquished.

Vanquished Creatures (others)
  A draconian scorcher (Zot:5)
  An ironheart preserver (Vaults:5)
  2 stone giants
  A deep elf high priest (Elf:3)
  A great orb of eyes (Depths:4)
  A yaktaur captain (Vaults:5)
  A rakshasa (Depths:3)
  5 deep elf knights
  4 deep elf magi
  A bloated husk (Swamp:3)
  A wyvern (Lair:6)
  2 water elementals (Elf:1)
  A human (Crypt:1)
  An orc warrior (Vaults:2)
  An ogre (Vaults:5)
  An orc wizard (Vaults:5)
  5 white imps (IceCv)
  3 ufetubi (IceCv)
  An orc (D:10)
  A crawling corpse (Vaults:5)
  32 foxfires
  18 fungi
  44 plants
  2 starspawn tentacles (Abyss:2)
  15 withered plants (Gauntlet)
146 creatures vanquished.

Grand Total: 2778 creatures vanquished

Notes
Turn   | Place    | Note
-------+----------+-------------------------------------------
     0 | D:1      | HoaS the Formicid Fighter began the quest for the Orb.
     0 | D:1      | Reached XP level 1. HP: 18/18 MP: 1/1
    53 | D:1      | Reached XP level 2. HP: 21/24 MP: 2/2
   210 | D:1      | Reached XP level 3. HP: 21/29 MP: 3/3
   837 | D:2      | Reached XP level 4. HP: 35/35 MP: 4/4
   987 | D:2      | Found an iron altar of Okawaru.
  1653 | D:3      | Found a broken altar of Ashenzari.
  1760 | D:3      | Reached XP level 5. HP: 31/41 MP: 5/5
  2110 | D:3      | Reached skill level 5 in Shields
  2688 | D:4      | Reached skill level 5 in Maces & Flails
  2688 | D:4      | Reached XP level 6. HP: 47/47 MP: 6/6
  2708 | D:4      | Noticed Robin
  2782 | D:4      | Killed Robin
  2800 | D:4      | Noticed an ogre
  2809 | D:4      | Killed an ogre
  3065 | D:4      | Reached XP level 7. HP: 41/52 MP: 7/7
  3081 | D:4      | Found a large runed translucent door.
  3082 | D:4      | Found a large runed translucent door.
  3083 | D:4      | Noticed harkrass's ghost (amateur MiFi)
  3395 | D:5      | Entered Level 5 of the Dungeon
  3745 | D:5      | Reached XP level 8. HP: 40/58 MP: 8/8
  3779 | D:5      | Noticed Prince Ribbit
  3802 | D:5      | HP: 1/58 [Prince Ribbit (12)]
  4071 | D:5      | Killed Prince Ribbit
  4132 | D:5      | Found the +8 frozen axe "Frostbite" {freezing cloud, *Noise
                  | +Fly rC+}
  4567 | D:6      | Found Compire's Antique Weapon Shoppe.
  4577 | D:6      | Bought a shimmering flail for 212 gold pieces
  4577 | D:6      | Identified the +2 flail of Responsibility {venom, Int+3}
                  | (You bought it in a shop on level 6 of the Dungeon)
  4579 | D:6      | Found a staircase to the Ecumenical Temple.
  4607 | Temple   | Entered the Ecumenical Temple
  4830 | Temple   | Became a worshipper of Makhleb the Destroyer
  5072 | D:6      | Reached XP level 9. HP: 40/64 MP: 9/9
  5399 | D:6      | Reached * piety under Makhleb
  5838 | D:7      | Found a glowing silver altar of Zin.
  5865 | D:7      | Noticed Maggie
  5865 | D:7      | Noticed a two-headed ogre
  5880 | D:7      | Killed Maggie
  5881 | D:7      | Reached skill level 10 in Maces & Flails
  5892 | D:7      | Killed a two-headed ogre
  5893 | D:7      | Reached XP level 10. HP: 35/70 MP: 10/10
  6343 | D:7      | Found a runed translucent door.
  6344 | D:7      | Noticed Crazy Yiuf
  6664 | D:7      | Killed Crazy Yiuf
  6769 | D:8      | Noticed Joseph
  6783 | D:8      | Killed Joseph
  7256 | D:8      | Reached ** piety under Makhleb
  7362 | D:9      | Found a flagged portal.
  7469 | Bailey   | Entered a bailey
  7719 | Bailey   | Noticed an orc knight
  7733 | Bailey   | Killed an orc knight
  7840 | Bailey   | Found the +7 Kryia's mail coat {PotionHeal*2 rC+}
  7840 | Bailey   | Found a bloodstained altar of Trog.
  7921 | D:9      | Found a staircase to the Lair.
  8329 | D:9      | Reached XP level 11. HP: 68/75 MP: 11/11
  8346 | D:9      | Reached *** piety under Makhleb
  8589 | D:9      | Reached skill level 4 in Fighting
  8589 | D:9      | Reached skill level 1 in Dodging
  8595 | D:9      | Noticed a boulder beetle
  8648 | D:9      | Found a transporter.
  8650 | D:9      | Noticed night's ghost (novice TrFi)
  8657 | D:9      | Noticed a two-headed ogre
  8663 | D:9      | Killed a two-headed ogre
  8664 | D:9      | Reached skill level 5 in Fighting
  8684 | D:9      | Found a transporter.
  9107 | D:4      | Killed harkrass's ghost
  9207 | D:10     | Entered Level 10 of the Dungeon
  9536 | D:9      | Reached **** piety under Makhleb
  9559 | D:9      | Reached skill level 6 in Fighting
  9846 | D:10     | Reached skill level 5 in Armour
 10143 | Lair:1   | Entered Level 1 of the Lair of Beasts
 10146 | Lair:1   | You fall into a shaft and drop 1 floor!
 10227 | Lair:2   | Reached skill level 7 in Fighting
 10338 | Lair:2   | Found a staircase to the Snake Pit.
 10390 | Lair:1   | Reached XP level 12. HP: 91/91 MP: 12/12
 10442 | Lair:1   | Noticed a four-headed hydra
 10467 | Lair:1   | Killed a four-headed hydra
 10468 | Lair:1   | Reached skill level 8 in Fighting
 10696 | Lair:1   | Found a runed translucent gate.
 10696 | Lair:1   | Found a runed translucent gate.
 10696 | Lair:1   | Found a runed translucent gate.
 11006 | Lair:1   | Noticed stazo's ghost (journeyman HOFi)
 11006 | Lair:1   | Noticed a nine-headed hydra
 11034 | Lair:1   | Reached skill level 9 in Fighting
 11051 | Lair:1   | Noticed a four-headed hydra
 11064 | Lair:1   | Killed a four-headed hydra
 11540 | Lair:1   | Reached skill level 5 in Dodging
 11779 | Lair:2   | Noticed a five-headed hydra
 11797 | Lair:2   | Killed a five-headed hydra
 11853 | Lair:2   | Reached skill level 10 in Fighting
 11895 | Lair:2   | Reached ***** piety under Makhleb
 12296 | Lair:2   | Reached XP level 13. HP: 102/104 MP: 13/13
 12389 | Lair:2   | Reached skill level 11 in Fighting
 12855 | Lair:3   | Reached skill level 12 in Fighting
 12992 | Lair:3   | Noticed a boulder beetle
 13008 | Lair:3   | Killed a boulder beetle
 14106 | Lair:4   | Reached skill level 13 in Fighting
 14483 | Lair:4   | Reached XP level 14. HP: 118/118 MP: 14/14
 14517 | Lair:4   | Found a staircase to the Swamp.
 14843 | Lair:5   | Found a staircase to the Slime Pits.
 14897 | Lair:5   | Noticed Urug
 14911 | Lair:5   | Killed Urug
 15718 | Lair:6   | Entered Level 6 of the Lair of Beasts
 15882 | Lair:6   | Reached skill level 15 in Maces & Flails
 16443 | Lair:6   | Found a large runed translucent door.
 16444 | Lair:6   | Found a large runed translucent door.
 16489 | Lair:6   | Reached ****** piety under Makhleb
 17242 | Lair:1   | Reached skill level 14 in Fighting
 17256 | Lair:1   | Killed stazo's ghost
 17315 | Lair:1   | Reached XP level 15. HP: 118/126 MP: 15/15
 17328 | Lair:1   | Identified the Grimoire of Icy Heat
 17691 | D:9      | Killed night's ghost
 17809 | D:11     | Noticed Erica
 17839 | D:10     | Killed Erica
 18080 | D:11     | Reached skill level 15 in Fighting
 18859 | D:12     | Found a staircase to the Orcish Mines.
 19136 | D:12     | Noticed Kirke
 19145 | D:12     | Killed Kirke
 19208 | D:12     | Noticed Sonja
 19212 | D:12     | Killed Sonja
 19553 | Orc:1    | Entered Level 1 of the Orcish Mines
 19557 | Orc:1    | Noticed an orc warlord
 19947 | D:12     | Killed an orc warlord
 20305 | Orc:1    | Noticed an orc warlord
 20340 | Orc:1    | Killed an orc warlord
 20496 | Orc:1    | Noticed Gastronok
 20512 | Orc:1    | Killed Gastronok
 20540 | Orc:1    | Found a roughly hewn altar of Beogh.
 20704 | Orc:2    | Entered Level 2 of the Orcish Mines
 20977 | Orc:2    | Found a staircase to the Elven Halls.
 20984 | Orc:2    | Found Was Micu's Antique Weapon Shoppe.
 20999 | Orc:2    | Reached XP level 16. HP: 131/131 MP: 16/16
 21221 | Orc:2    | Found Qiutouzu's Antique Armour Shop.
 21344 | Orc:2    | Found a roughly hewn altar of Beogh.
 21367 | Orc:2    | Found Suwam's Jewellery Shop.
 21480 | Orc:2    | Found Ucousetz's General Store.
 21889 | D:13     | Noticed Maurice
 21892 | D:13     | Killed Maurice
 22480 | D:14     | Found a gate leading to a gauntlet.
 22489 | Gauntlet | Entered a Gauntlet
 22489 | Gauntlet | Found a transporter.
 22498 | Gauntlet | Found a transporter.
 22513 | Gauntlet | Found a transporter.
 22515 | Gauntlet | Found a large runed translucent door.
 22515 | Gauntlet | Found a large runed translucent door.
 22516 | Gauntlet | Found a large runed translucent door.
 22516 | Gauntlet | Found a large runed translucent door.
 22517 | Gauntlet | Found a large runed translucent door.
 22517 | Gauntlet | Found a large runed translucent door.
 22517 | Gauntlet | Found a runed translucent door.
 22517 | Gauntlet | Found a runed translucent door.
 22517 | Gauntlet | Found a large runed translucent door.
 22518 | Gauntlet | Found a transporter.
 22535 | Gauntlet | Found a transporter.
 22549 | Gauntlet | Found a large runed translucent door.
 22550 | Gauntlet | Found a large runed translucent door.
 22551 | Gauntlet | Found a large runed translucent door.
 22551 | Gauntlet | Found a large runed translucent door.
 22552 | Gauntlet | Found a runed translucent gate.
 22553 | Gauntlet | Found a transporter.
 22553 | Gauntlet | Found a runed translucent gate.
 22554 | Gauntlet | Found a runed translucent gate.
 22555 | Gauntlet | Found a large runed translucent door.
 22555 | Gauntlet | Found a large runed translucent door.
 22556 | Gauntlet | Found a large runed translucent door.
 22557 | Gauntlet | Found a large runed translucent door.
 22565 | Gauntlet | Found a transporter.
 22577 | Gauntlet | Found a transporter.
 22589 | Gauntlet | Found a transporter.
 22601 | Gauntlet | Found a transporter.
 22618 | Gauntlet | Found a transporter.
 22636 | Gauntlet | Found a transporter.
 22638 | Gauntlet | Found a transporter.
 22663 | Gauntlet | Found a transporter.
 22683 | Gauntlet | Found a transporter.
 22757 | Gauntlet | Found a large runed translucent door.
 22761 | Gauntlet | Found a transporter.
 22781 | Gauntlet | Found a transporter.
 22803 | Gauntlet | Found a transporter.
 23463 | D:14     | Found a gate to the Vaults.
 23842 | D:15     | Entered Level 15 of the Dungeon
 23942 | D:15     | Reached XP level 17. HP: 142/142 MP: 17/17
 24014 | D:15     | Got a pitted jade ring
 24027 | D:15     | Identified the ring of Divine Intervention {+Fly rF- Str-3
                  | Dex+8 SInv} (You found it on level 15 of the Dungeon)
 24139 | D:15     | Found Joutioph's General Store.
 24148 | D:15     | Bought a scroll of enchant armour for 112 gold pieces
 24159 | D:15     | Found a transporter.
 24258 | D:15     | Found Hased's Jewellery Boutique.
 24265 | D:15     | Found a transporter.
 24271 | D:15     | Bought a +4 ring of evasion for 612 gold pieces
 24271 | D:15     | Bought an uncursed ring of see invisible for 255 gold
                  | pieces
 24368 | D:15     | Found Miufasyuke's Weapon Emporium.
 24449 | D:15     | Found a staircase to the Depths.
 24456 | D:15     | Reached skill level 10 in Shields
 24851 | D:15     | Got a translucent wooden ring
 24852 | D:15     | Identified the ring "Ejiggiqe" {rC+ Str+3 SInv} (You found
                  | it on level 15 of the Dungeon)
 24935 | D:15     | Reached skill level 16 in Fighting
 24935 | D:15     | Reached skill level 10 in Armour
 24999 | D:15     | Got a scintillating jade ring
 25000 | D:15     | Identified the ring "Aleiheoq" {rPois rF+ Will+ MP+9} (You
                  | found it on level 15 of the Dungeon)
 25253 | Swamp:1  | Entered Level 1 of the Swamp
 25255 | Swamp:1  | Upgraded the game from 0.26-a0-1164-g1a551d6a14 to
                  | 0.26-a0-1176-g060ceda6a5
 25364 | Swamp:1  | Found a frozen archway.
 25375 | IceCv    | Entered an ice cave
 25419 | IceCv    | Reached skill level 10 in Dodging
 26144 | IceCv    | Noticed an Ice Fiend
 26165 | IceCv    | Reached XP level 18. HP: 125/153 MP: 18/18
 26173 | IceCv    | Killed an Ice Fiend
 26747 | Swamp:1  | Found an iron altar of Okawaru.
 28107 | Swamp:3  | Reached skill level 17 in Fighting
 29499 | Swamp:4  | Entered Level 4 of the Swamp
 29564 | Swamp:4  | Found a runed translucent gate.
 29565 | Swamp:4  | Found a runed translucent gate.
 29566 | Swamp:4  | Found a runed translucent gate.
 29571 | Swamp:4  | Noticed Dracia's ghost (adept MiFi)
 29686 | Swamp:4  | HP: 7/155 [poisoned by a swamp dragon (poison gas)]
 30259 | Swamp:4  | Reached XP level 19. HP: 128/163 MP: 19/19
 30439 | Swamp:4  | Noticed the 27-headed Lernaean hydra
 30460 | Swamp:4  | Killed the 27-headed Lernaean hydra
 30461 | Swamp:4  | Reached skill level 18 in Fighting
 30948 | Swamp:4  | Got a decaying rune of Zot
 31376 | Swamp:4  | Killed Dracia's ghost
 31785 | Snake:1  | Entered Level 1 of the Snake Pit
 31929 | Snake:1  | Found Teneasos's Book Emporium.
 32180 | Snake:1  | Found Pidaz's Antique Armour Emporium.
 32253 | Snake:1  | Found Bipricheuwk's Magic Scroll Emporium.
 32261 | Snake:1  | Bought a scroll of enchant weapon for 120 gold pieces
 32261 | Snake:1  | Bought a scroll of blinking for 120 gold pieces
 32261 | Snake:1  | Bought a scroll of teleportation for 48 gold pieces
 32261 | Snake:1  | Bought a scroll of acquirement for 832 gold pieces
 32261 | Snake:1  | Bought a scroll of enchant armour for 120 gold pieces
 32261 | Snake:1  | Bought a scroll of enchant weapon for 120 gold pieces
 32261 | Snake:1  | Acquired a manual of Dodging
 32733 | Snake:2  | Found an ancient bone altar of Kikubaaqudgha.
 32980 | Snake:2  | Found Quawudat's Weapon Emporium.
 33517 | Snake:3  | Reached skill level 15 in Shields
 34343 | Snake:4  | Entered Level 4 of the Snake Pit
 34575 | Snake:3  | Reached XP level 20. HP: 172/172 MP: 20/20
 35070 | Snake:4  | Reached skill level 19 in Fighting
 35524 | Snake:4  | Found Pebisiyr's Assorted Antiques.
 36437 | Snake:4  | Reached XP level 21. HP: 182/182 MP: 21/21
 36446 | Snake:4  | Got a serpentine rune of Zot
 36761 | Elf:1    | Entered Level 1 of the Elven Halls
 36911 | Elf:1    | Reached skill level 20 in Fighting
 37332 | Elf:1    | You fall into a shaft and drop 1 floor!
 37813 | Elf:2    | Found a huge runed translucent gate.
 37813 | Elf:2    | Found a huge runed translucent gate.
 37813 | Elf:2    | Found a huge runed translucent gate.
 37814 | Elf:2    | Found a huge runed translucent gate.
 37815 | Elf:2    | Found a huge runed translucent gate.
 38199 | Elf:2    | Reached skill level 15 in Dodging
 38323 | Elf:2    | Reached skill level 15 in Armour
 38400 | Elf:2    | Identified the Grimoire of Stones
 39236 | Elf:1    | Identified the +3 leather armour "Vaelual" {rC+}
 39279 | Elf:1    | Reached XP level 22. HP: 188/190 MP: 22/22
 39385 | Elf:1    | Found a radiant altar of Vehumet.
 39449 | Elf:3    | Entered Level 3 of the Elven Halls
 39767 | Elf:3    | Found a portal to a secret trove of treasure.
 40008 | Elf:3    | Found Kotitzue's Armour Shop.
 40043 | Elf:3    | Acquired a +0 pair of gloves of strength
 40464 | Elf:3    | Identified the cursed +1 robe of Immorality {rF+ Dex+2}
 40610 | Elf:3    | Identified the +6 glaive of Skirmishing {flame, rElec
                  | Int+2}
 40610 | Elf:3    | Identified the ring of Pumuileh {rElec Slay+2 Stlth+}
 40838 | Elf:3    | Identified the ring "Eddis" {rPois Str+4 Int+4 Dex+6}
 41028 | Elf:3    | Identified Sif Muna's Guide on Unholy Rites and Companions
 41369 | Vaults:1 | Entered Level 1 of the Vaults
 41769 | Vaults:1 | Found Nuvodw Ulee's Assorted Antiques.
 41793 | Vaults:1 | Reached XP level 23. HP: 198/198 MP: 23/23
 41830 | Vaults:1 | Bought a potion of might for 156 gold pieces
 41830 | Vaults:1 | Bought a potion of flight for 117 gold pieces
 41830 | Vaults:1 | Bought a potion of curing for 117 gold pieces
 42302 | Vaults:1 | Got a clouded golden ring
 42304 | Vaults:1 | Identified the ring of the Visionary {+Inv rElec rF- rC+
                  | Dex+5} (You found it on level 1 of the Vaults)
 42917 | Vaults:2 | Reached skill level 21 in Fighting
 43898 | Vaults:3 | Reached XP level 24. HP: 206/208 MP: 23/23
 44246 | Vaults:3 | Found a staircase to the Crypt.
 44873 | Vaults:4 | Noticed Bai Suzhen
 44894 | Vaults:4 | Killed Bai Suzhen
 44940 | Vaults:4 | Noticed Sojobo
 44954 | Vaults:4 | Killed Sojobo
 45275 | Vaults:4 | Identified the +7 arbalest of Power {freeze, rN+ MP+9
                  | Int+4}
 46328 | Depths:1 | Entered Level 1 of the Depths
 46389 | Depths:1 | Reached XP level 25. HP: 216/216 MP: 23/23
 46598 | Crypt:1  | Entered Level 1 of the Crypt
 46603 | Crypt:1  | Noticed Mennas
 46629 | Crypt:1  | Killed Mennas
 46776 | Crypt:1  | Noticed Mara
 46787 | Crypt:1  | Noticed HoaS's illusion
 46805 | Crypt:1  | Killed Mara
 47097 | Crypt:1  | Reached skill level 22 in Fighting
 47421 | Crypt:1  | Found a runed door.
 47660 | Crypt:1  | You fall into a shaft and drop 1 floor!
 48639 | Crypt:2  | Identified the Compendium of Ashen Changing
 48706 | Crypt:3  | Entered Level 3 of the Crypt
 49528 | Crypt:3  | Reached XP level 26. HP: 217/218 MP: 23/23
 50331 | Crypt:3  | Found a staircase to the Tomb.
 52183 | Crypt:3  | Noticed a royal mummy
 52227 | Crypt:3  | Killed a royal mummy
 53809 | Depths:1 | Found a gateway to a ziggurat.
 53912 | Depths:1 | Found a snail-covered altar of Cheibriados.
 53925 | Depths:1 | Found a gateway to Hell.
 54300 | Depths:1 | Acquired 383 gold pieces
 54342 | Depths:2 | You fall into a shaft and drop 2 floors!
 54381 | Depths:4 | Found Lecenk's Magic Scroll Shop.
 54385 | Depths:4 | Found Duukk's Jewellery Boutique.
 54386 | Depths:4 | Found Wyesihy's Armour Shop.
 54389 | Depths:4 | Bought a scroll of acquirement for 1092 gold pieces
 54389 | Depths:4 | Bought a scroll of magic mapping for 73 gold pieces
 54389 | Depths:4 | Bought a scroll of enchant armour for 157 gold pieces
 54390 | Depths:4 | Acquired 1211 gold pieces
 54396 | Depths:4 | Bought the +10 plate armour of the Hills {+Fly Str+4} for
                  | 1538 gold pieces
 54868 | Depths:2 | Found a runed translucent gate.
 54868 | Depths:2 | Found a runed translucent gate.
 54868 | Depths:2 | Found a runed translucent gate.
 54967 | Depths:2 | Found a runed translucent gate.
 54967 | Depths:2 | Found a runed translucent gate.
 54967 | Depths:2 | Found a runed translucent gate.
 55294 | Depths:3 | Noticed Jory
 55300 | Depths:3 | Killed Jory
 55582 | Depths:3 | Reached XP level 27. HP: 233/233 MP: 23/23
 55915 | Depths:3 | Found a one-way gate leading to the halls of Pandemonium.
 56450 | Depths:4 | Reached skill level 23 in Fighting
 56520 | Depths:4 | Found the +7 Singing Sword {vorpal, sonic wave}
 56826 | Depths:4 | Found a corrupted altar of Lugonu.
 56826 | Depths:4 | Found a one-way gate to the infinite horrors of the Abyss.
 57258 | Depths:4 | Got a heavily runed chain mail
 57259 | Depths:4 | Identified the +1 chain mail of the Merchant {+Blink Regen+
                  | rCorr Dex-2} (You found it on level 4 of the Depths)
 57318 | Depths:5 | Entered Level 5 of the Depths
 58140 | Depths:5 | Found a gate to the Realm of Zot.
 59055 | Crypt:1  | Noticed an ancient lich
 59056 | Crypt:1  | Noticed an ancient lich
 59059 | Crypt:1  | Killed an ancient lich
 59068 | Crypt:1  | Killed an ancient lich
 59080 | Crypt:1  | Got a heavily runed tin ring
 59081 | Crypt:1  | Identified the Disquisition on the Mountains and
                  | Orientation
 59086 | Crypt:1  | Got a scintillating bronze amulet
 59088 | Crypt:1  | Identified the ring of Accord {+Inv rPois rF+ Int+3} (You
                  | found it on level 1 of the Crypt)
 59090 | Crypt:1  | Identified the amulet "Hapyhitekuss" {Will+ Regen+ Str+6}
                  | (You found it on level 1 of the Crypt)
 59107 | Crypt:1  | Identified the Compendium of the Arsonist
 59116 | Crypt:1  | Got a slimy leather armour
 59117 | Crypt:1  | Identified the +1 leather armour of Jeakh {rN++ Int-5} (You
                  | found it on level 1 of the Crypt)
 59119 | Crypt:1  | Acquired the +8 orange crystal plate armour {Archmagi,
                  | Int+3 Clar}
 59120 | Crypt:1  | Found the +8 orange crystal plate armour {Archmagi, Int+3
                  | Clar}
 59344 | Vaults:5 | Entered Level 5 of the Vaults
 59405 | Vaults:5 | Identified the cursed +0 halberd of the Peculiar Cities
                  | {vorpal, rElec}
 59530 | Vaults:5 | Cast into level 2 of the Abyss (a deep elf sorcerer)
 59732 | Abyss:2  | Found a corrupted altar of Lugonu.
 59870 | Vaults:5 | Escaped the Abyss
 60030 | Vaults:4 | Reached skill level 24 in Fighting
 60548 | Vaults:5 | Identified the cursed +1 rapier "Beumuh Pelen" {vamp,
                  | Dex+4}
 60684 | Vaults:5 | Got a translucent glass ring
 60724 | Vaults:5 | Got a fading plate armour
 60725 | Vaults:5 | Identified the +0 plate armour of Terror {Dex+2} (You found
                  | it on level 5 of the Vaults)
 60727 | Vaults:5 | Identified the ring of Life {+Fly rPois rF+ Str+4 Dex+3}
                  | (You found it on level 5 of the Vaults)
 60802 | Vaults:5 | Got a silver rune of Zot
 60818 | Vaults:5 | Noticed an ancient lich
 60831 | Vaults:5 | Killed an ancient lich
 61190 | Vaults:5 | Identified the Catalogue of Attacks
 61240 | Vaults:5 | Identified the Incunabulum of Air and the Glacier
 61572 | Vaults:5 | Found the +0 staff of Battle
 61587 | Vaults:5 | Got a scorched amber ring
 61623 | Vaults:5 | Got a pair of brightly glowing gloves
 61624 | Vaults:5 | Identified the +3 pair of gloves "Uninwism" {rElec rF+
                  | Dex+3} (You found it on level 5 of the Vaults)
 61674 | Vaults:5 | Identified the ring of Nunub {+Blink rPois rF- rN+ MP+9}
                  | (You found it on level 5 of the Vaults)
 61996 | Zot:1    | Entered Level 1 of the Realm of Zot
 63177 | Zot:1    | Acquired 905 gold pieces
 63243 | Zot:2    | Found a basalt altar of Yredelemnul.
 63360 | Zot:2    | Noticed a Killer Klown
 63378 | Zot:2    | Killed a Killer Klown
 64520 | Zot:2    | Identified the Catalogue of Fire and Brimstone
 64529 | Zot:2    | Identified the Catalogue of the Zealot
 64848 | Zot:3    | Reached skill level 25 in Fighting
 65882 | Zot:4    | Found a transporter.
 65890 | Zot:4    | Identified the +7 morningstar of Gefri {antimagic, rPois
                  | rC+ rN+}
 65893 | Zot:4    | Identified the cursed -3 cloak of Protective Custody {Str+4
                  | SInv}
 65893 | Zot:4    | Identified the +0 cloak of the Iron City of Dis {rN+
                  | Slay+2}
 65894 | Zot:4    | Identified the +10 double sword of Action {vorpal, rC+
                  | Dex+4}
 65895 | Zot:4    | Noticed Abeir's ghost (legendary GrFi)
 65900 | Zot:4    | Identified the +8 glaive "Eguotiec" {vorpal, rPois rF++
                  | Dex+2}
 65944 | Zot:4    | Found a bloodstained altar of Trog.
 66088 | Zot:4    | Found a transporter.
 66485 | Zot:4    | Found Tyzxoir's Changing Room.
 66493 | Zot:4    | Bought a potion of mutation for 176 gold pieces
 66493 | Zot:4    | Bought a potion of mutation for 176 gold pieces
 66889 | Zot:4    | Killed Abeir's ghost
 67006 | Zot:5    | Entered Level 5 of the Realm of Zot
 67535 | Zot:5    | Noticed an ancient lich
 67615 | Zot:5    | Noticed an orb of fire
 67626 | Zot:5    | Killed an orb of fire
 67685 | Zot:5    | Noticed an orb of fire
 67692 | Zot:5    | Gained mutation: Your skin changes colour to match your
                  | surroundings (Stealth+). [an orb of fire]
 67699 | Zot:5    | Gained mutation: Your body sometimes deteriorates upon
                  | taking damage. [an orb of fire]
 67704 | Zot:5    | Gained mutation: You are clumsy. (Dex -2) [an orb of fire]
 67708 | Zot:5    | Gained mutation: Scrolls take you a little longer to read.
                  | [an orb of fire]
 67709 | Zot:5    | Killed an orb of fire
 67737 | Zot:5    | Noticed a Killer Klown
 67747 | Zot:5    | Noticed a Killer Klown
 67748 | Zot:5    | Noticed an orb of fire
 67749 | Zot:5    | Killed a Killer Klown
 67749 | Zot:5    | Gained mutation: You are dopey. (Int -2) [an orb of fire]
 67756 | Zot:5    | Gained mutation: You are frail. (-10% HP) [an orb of fire]
 67758 | Zot:5    | Killed an orb of fire
 67764 | Zot:5    | Noticed an orb of fire
 67767 | Zot:5    | Killed a Killer Klown
 67775 | Zot:5    | Gained mutation: You occasionally shout uncontrollably at
                  | your foes. [an orb of fire]
 67780 | Zot:5    | Gained mutation: You are very frail. (-20% HP) [an orb of
                  | fire]
 67782 | Zot:5    | Noticed a Killer Klown
 67782 | Zot:5    | HP: 8/195 [black draconian/+0 halberd (5)]
 67782 | Zot:5    | Killed from afar by an orb of fire

Illustrated notes

Levels and vault maps discovered:
D:1:      minmay_arrival_four_houses, layout_basic
D:2:      layout_loops_cross, okawaru_trees_2
D:3:      layout_loops_ring, nicolae_ashenzari_panopticon
D:4:      layout_rooms, ebering_ghost_disaster_area, serial_park_tiny_pond,
          uniq_robin
D:5:      layout_cave_pools, serial_park_tiny_1, roderic_lattice_a,
          uniq_prince_ribbit1
D:6:      layout_rooms, minmay_temple_entry_wispy, serial_shops, shop
D:7:      layout_loops_ring, nicolae_overflow_crystal_walls,
          minmay_misc_feat_tower, uniq_crazy_yiuf_cottage, uniq_maggie
D:8:      layout_basic, uniq_joseph
D:9:      layout_basic, erik_lair_orcish_takeover, enter_bailey_3,
          gammafunk_ghost_arena, kennysheep_opposing_triangles
D:10:     layout_long_grid
D:11:     layout_irregular_city, chequers_serial_rivers_marsh, sword_in_stone
D:12:     layout_basic, minmay_orc_entry_guard_dogs, wad_mini_maze, uniq_kirke,
          uniq_sonja
D:13:     layout_basic, uniq_maurice
D:14:     layout_irregular_city, skrybe_vaults_entry_preservation,
          gauntlet_entry_generic, chequers_serial_rivers_marsh,
          elves_outpost_lemuel
D:15:     hangedman_spin_cycle, serial_shops
Temple:   nicolae_temple_the_god_donut
Lair:1:   layout_gridlike, gammafunk_ghost_hydra_chop,
          infiniplex_staircase_pool, minmay_lair_oklob_chamber
Lair:2:   regret_index_wax_grids, layout_big_grid, dummy_snake_entry
Lair:3:   layout_chaotic_city, lemuel_fruit_tree
Lair:4:   layout_cave_pods, nicolae_swamp_entry_splash_gauntlet
Lair:5:   layout_cave_pods, minmay_slime_entry_oklob_open, beast_lair_carwin_1,
          uniq_urug
Lair:6:   cheibrodos_lair_end_hotspot, layout_gridlike
Swamp:1:  layout_basic_swamp, portal_ice_cave_entry_ice_statue_one,
          hangedman_swamp_diagram, lemuel_altar_in_water
Swamp:2:  layout_basic_swamp, serial_swamp_ruin, evilmike_swamp_ruin_house_2,
          evilmike_swamp_ruin_house_5
Swamp:3:  layout_basic_swamp, evilmike_swamp_ruin_wall
Swamp:4:  swamp_old_school, layout_basic_swamp, gammafunk_ghost_split,
          infiniplex_staircase_pool_2
Snake:1:  layout_basic, serial_shops, shop, shop, shop, drop_trap
Snake:2:  layout_rooms, basic_altar, serial_shops, shop, grunt_megastairs_3
Snake:3:  layout_chambers, abandoned_shop
Snake:4:  snake_pit_salamanders_mu, layout_basic, serial_shops, shop,
          serial_bayou_lagoon_b
Orc:1:    layout_caves, basic_altar, uniq_gastronok
Orc:2:    grunt_orc_gardens, layout_caves, grunt_orc_garden, grunt_orc_garden,
          grunt_orc_garden, grunt_orc_garden, mines1_david
Elf:1:    lemuel_upstairs_altar, layout_loops_corners, evilmike_minifort
Elf:2:    layout_loops_cross
Elf:3:    minmay_elf_hall_not_hex, layout_gridlike, serial_shops,
          nicolae_shop_crystal, enter_trove_3, grunt_megastairs_1
Vaults:1: ontoclasm_vaults_ring_square, vaults_room_hallway,
          nicolae_vaults_network_quincunx
          [nicolae_vaults_network_quincunx_subvault,
          nicolae_vaults_network_quincunx_subvault,
          nicolae_vaults_network_quincunx_subvault,
          nicolae_vaults_network_quincunx_subvault,
          nicolae_vaults_network_quincunx_subvault], hangedman_vaults_nails,
          nicolae_vaults_twisting_passages, vaults_room_hallway,
          grunt_vaults_hallway_short, ontoclasm_vaults_shout,
          nicolae_vaults_diagonal_hallway_6, grunt_vaults_hallway_short,
          layout_vaults_omnicross, serial_shops, nicolae_shop_overgrown_old_shop
Vaults:2: v_misc_33, ontoclasm_vaults_eye, st_lattice, hangedman_vaults_corner,
          v_misc_26, ontoclasm_vaults_idyll, grunt_vaults_twisty,
          hangedman_vaults_nails, ontoclasm_vaults_fault, vaults_room_pool,
          grunt_vaults_hallway_short, layout_vaults_ring
Vaults:3: hangedman_vaults_stretched_pinwheel, minmay_crypt_entry_nasty_monster,
          hangedman_vaults_stitches, nicolae_vaults_network_s,
          nicolae_vaults_theta, st_more_cells, ontoclasm_vaults_bender,
          nicolae_vaults_hallways_thing, vaults_mumra_chevron_long, v_misc_13,
          nicolae_vaults_theta, vaults_dpeg_encased_lava, v_misc_2,
          vaults_mumra_hex, hangedman_vaults_hat, layout_vaults_omnibox
Vaults:4: v_pattern_5, v_rooms_4, ontoclasm_vaults_idyll,
          nicolae_vaults_yaktaur_gun_rack, nicolae_vaults_quartermaster,
          dpeg_vaults_monster_box, layout_vaults_omnigrid, uniq_bai_suzhen,
          uniq_sojobo, uniq_margery
Vaults:5
Crypt:1:  evilmike_wizard_prison, layout_chaotic_city,
          grunt_crypt_arrival_split, uniq_mara, uniq_mennas
Crypt:2:  layout_regular_city, serial_sigils_hangedman_leer, st_small_mortuary
Crypt:3:  due_elkab, layout_chaotic_city
Depths:1: layout_cave_pools, enter_ziggurat_e, hangedman_coc_ice_floe,
          kennysheep_flooded_box, minmay_librarian, serial_bayou_shore_b
Depths:2: kennysheep_treasure_stockpile, layout_cave_pools,
          minmay_staircase_bubble, hell_entry, minmay_misc_feat_more_columns
Depths:3: minmay_big_diamond_grid, layout_basic, rand_demon_pan_entry_7,
          grunt_hell_entry_dis_grunt, skrybe_limestone_x, uniq_jory
Depths:4: cheibrodos_salmonella, layout_honeycomb, abyss_entry_flame_altar,
          grunt_pan_entry_zigzag, hangedman_decor_clover_reticule, hell_entry,
          minmay_misc_feat_doors, kilobyte_mutagenic_chamber, minmay_shop_star,
          infiniplex_staircase_x
Depths:5: grunt_zot_entry_pinwheel, layout_gridville, hellmouth_3,
          serial_bayou_crossing
Zot:1:    kennysheep_spiral_hall, layout_cathedral_of_symmetry,
          st_small_dragon_hoard_1, st_stairs_6, guppyfry_library_mini
Zot:2:    nicolae_zot_draconian_monastery, layout_basic, skrybe_zot_glass_1
Zot:3:    layout_basic
Zot:4:    layout_twisted_circle, gammafunk_ghost_wrathful_warriors,
          nicolae_transmutations_shop
Zot:5:    layout_gridville, bh_zot_lava_cross

Skill      XL: |  1  2  3  4  5  6  7  8  9 10 11 12 13 14 15 16 17 18 19 20 21 22 23 24 25 26 27 |
---------------+----------------------------------------------------------------------------------+-----
Shields        | 4 5 6 8 9 10 12 15 16 17 18 19 23 | 23.8
Maces & Flails | 3 4 5 7 8 11 13 14 16 17 20 21 22 24 | 24.9
Fighting       | 7 10 13 14 15 16 17 18 19 20 21 22 25 | 25.7
Dodging        | 3 5 7 8 9 10 11 13 15 16 17 18 21 | 21.2
Armour         | 5 7 9 10 11 12 13 15 16 17 18 19 22 | 22.8

Action                   |  1- 3 |  4- 6 |  7- 9 | 10-12 | 13-15 | 16-18 | 19-21 | 22-24 | 25-27 || total
-------------------------+-------+-------+-------+-------+-------+-------+-------+-------+-------++-------
Melee: Flail             |   108 |   190 |   278 |   905 |   469 |       |       |       |       ||  1950
       Eveningstar       |       |       |       |       |   313 |       |       |       |       ||   313
       Great mace        |       |       |       |       |   455 |  1241 |  1283 |  1432 |  3416 ||  7827
Invok: Greater Servant o |       |       |       |       |     1 |       |       |       |       ||     1
 Abil: Dig               |       |     1 |     4 |    13 |    29 |    18 |    20 |     5 |     6 ||    96
       Stop Flying       |       |       |       |       |       |       |       |       |     1 ||     1
       Evoke Flight      |       |       |       |       |       |       |       |       |     1 ||     1
Evoke: Wand              |       |       |       |    21 |    12 |     2 |       |       |     9 ||    44
  Use: Scroll            |     4 |     8 |     7 |     7 |    14 |    13 |     6 |     4 |    21 ||    84
       Potion            |       |     1 |     5 |       |       |     2 |     3 |     2 |    11 ||    24
 Stab: Invisible         |       |       |     2 |       |       |       |       |       |       ||     2
       Distracted        |       |       |       |       |     1 |       |     1 |       |     1 ||     3
Armor: Scale mail        |    44 |    44 |       |   233 |   351 |   300 |   291 |    33 |       ||  1296
       Chain mail        |       |    29 |    93 |    54 |       |       |       |       |       ||   176
       Storm dragon scal |       |       |       |       |       |       |       |   109 |   146 ||   255
       Plate armour      |       |       |       |       |       |       |       |       |   184 ||   184
       Crystal plate arm |       |       |       |       |       |       |       |       |   652 ||   652
Dodge: Dodged            |    32 |    59 |    88 |   254 |   447 |   510 |   529 |   407 |  2092 ||  4418
Block: Kite shield       |    54 |    90 |   152 |   461 |   802 |   899 |   155 |       |       ||  2613
       Reflection        |       |       |       |       |    21 |    46 |   186 |   148 |    71 ||   472
       Tower shield      |       |       |       |       |       |       |  1228 |  1526 |  5002 ||  7756

Table legend: (Time is in decaauts)
 A = Elapsed time spent in this place.
 B = Non-inter-level travel time spent in this place.
 C = Inter-level travel time spent in this place.
 D = Time resting spent in this place.
 E = Time spent auto-exploring this place.
 F = Levels seen in this place.
 G = Mean time per level.
                   A        B        C        D        E       F      G
               +--------+--------+--------+--------+--------+-----+--------+
         Total |  65503 |  60645 |   4858 |  13663 |  29357 |  57 | 1149.2 |
       Dungeon |  15099 |  13863 |   1236 |   3328 |   6849 |  15 | 1006.6 |
        Temple |    237 |    214 |     23 |      0 |    212 |   1 |  237.0 |
          Lair |   7325 |   6671 |    654 |   1133 |   3730 |   6 | 1220.8 |
         Swamp |   5502 |   5288 |    214 |   2495 |   1825 |   4 | 1375.5 |
     Snake Pit |   4656 |   4296 |    360 |    381 |   2385 |   4 | 1164.0 |
  Orcish Mines |   1713 |   1570 |    143 |    295 |    738 |   2 |  856.5 |
   Elven Halls |   4281 |   4102 |    179 |    887 |   1841 |   3 | 1427.0 |
        Vaults |   7061 |   6088 |    973 |    517 |   3519 |   5 | 1412.2 |
         Crypt |   6902 |   6428 |    474 |   3009 |   1667 |   3 | 2300.7 |
        Depths |   4998 |   4570 |    428 |    212 |   2960 |   5 |  999.6 |
           Zot |   5507 |   5335 |    172 |    941 |   2959 |   5 | 1101.4 |
         Abyss |    315 |    315 |      0 |     43 |     98 |   1 |  315.0 |
        Bailey |    412 |    412 |      0 |    222 |      1 |   1 |  412.0 |
      Ice Cave |   1025 |   1025 |      0 |    200 |    273 |   1 | 1025.0 |
      Gauntlet |    462 |    462 |      0 |      0 |    298 |   1 |  462.0 |
               +--------+--------+--------+--------+--------+-----+--------+

Top non-repeatable levels by time:
 Crypt:3: 3784 daAuts
 Swamp:4: 2221 daAuts
 Snake:4: 1787 daAuts
Vaults:4: 1751 daAuts
 Crypt:1: 1712 daAuts
   Elf:3: 1692 daAuts
     D:9: 1536 daAuts
    D:12: 1519 daAuts
  Lair:1: 1506 daAuts
   Elf:2: 1463 daAuts
Vaults:1: 1458 daAuts
 Snake:3: 1450 daAuts
 Swamp:3: 1426 daAuts
 Crypt:2: 1404 daAuts
  Lair:4: 1401 daAuts
